 Dungeon Crawl Stone Soup version 0.31.0-12-g77e489cdc1 (webtiles) character file.

Game seed: 16897754147706765883

343 Silvore the Slasher (level 6, -1/48 HPs)
             Began as a Demonspawn Fighter on Feb 12, 2024.
             Slain by an ogre
             ... wielding a +0 giant club
              (21 damage)
             ... on level 5 of the Dungeon.
             The game lasted 00:04:11 (2802 turns).

Silvore the Slasher (Demonspawn Fighter)            Turns: 2802, Time: 00:04:12

Health: -1/48      AC: 12    Str: 18    XL:     6   Next: 31%
Magic:  6/6        EV:  5    Int:  9    God:
Gold:   227        SH:  4    Dex: 12    Spells: 5/5 levels left

rFire   . . .        a - +0 long sword
rCold   . . .        c - +0 buckler
rNeg    . . .        j - +0 plate armour
rPois   .            (helmet restricted)
rElec   .            (no cloak)
rCorr   .            (no gloves)
SInv    .            f - +0 pair of boots
Will    .....        l - amulet of regeneration Stlth
                     q - ring of flight
HPRegen 1.08/turn    (no ring)
MPRegen 0.10/turn

%: no passive effects
@: flying
A: antennae 1, powered by pain 1
a: no special abilities


You were on level 5 of the Dungeon.
You visited 1 branch of the dungeon, and saw 5 of its levels.

You collected 227 gold pieces.

Inventory:

Hand Weapons
 a - a +0 long sword (weapon)
Armour
 b - a +0 scale mail
 c - a +0 buckler (worn)
 f - a +0 pair of boots (worn)
 j - a +0 plate armour (worn)
Jewellery
 l - an amulet of regeneration (around neck)
 q - a ring of flight (left hand)
Wands
 p - a wand of paralysis (9)
Scrolls
 h - a scroll of amnesia
 o - 2 scrolls of teleportation
Potions
 d - 2 potions of might
 e - a potion of haste
 g - 2 potions of curing
 i - a potion of mutation
 k - 3 potions of heal wounds
 m - a potion of brilliance
 n - a potion of cancellation
 r - 2 potions of enlightenment


   Skills:
 + Level 4.2 Fighting
 + Level 4.3 Long Blades
 + Level 3.7 Armour
 + Level 0.6 Dodging
 + Level 3.2 Shields


You had 5 spell levels left.
You didn't know any spells.
Your spell library contained the following spells:

 Spells                   Type           Power      Damage    Failure   Level
 Shock                    Conj/Air       0%         1d3       100%        1
 Lesser Beckoning         Tloc           0%         N/A       100%        2
 Gell's Gravitas          Tloc           0%         N/A       100%        3
 Swiftness                Air            0%         N/A       100%        3
 Teleport Other           Tloc           0%         N/A       100%        3
 Airstrike                Air            0%         2d(0-16)  100%        4


Dungeon Overview and Level Annotations

Branches:
Dungeon (5/15)
 Temple: D:4-7

Altars:
Fedhas
Makhleb
Uskayaw
Wu Jian

Annotations:
D:3 2 transporters, DimondSprtn's ghost, amateur OnWr


Innate Abilities, Weirdness & Mutations

You have a pair of small antennae on your head.
You sometimes gain a little power by taking damage.


Message History

Found 4 gold pieces.
The iguana barely misses you.
You hit the iguana but do no damage. The iguana closely misses you.
You hit the iguana but do no damage. The iguana bites you.
The iguana barely misses you.
You hit the iguana.
The iguana is lightly wounded.
The iguana bites you but does no damage.
You hit the iguana.
The iguana is heavily wounded.
The iguana bites you but does no damage.
You barely miss the iguana.
The iguana is heavily wounded.
The iguana bites you.
You hit the iguana.
The iguana is heavily wounded.
The iguana bites you.
You slash the iguana!
You kill the iguana!
An ogre comes into view. It is wielding a +0 giant club.
The ogre shouts!
An ogre is nearby!
An ogre is nearby!
An ogre is nearby!
You block the ogre's attack.
You hit the ogre.
The ogre is moderately wounded.
The ogre hits you with a +0 giant club!
You hit the ogre.
The ogre is moderately wounded.
The ogre hits you but does no damage.
You hit the ogre.
The ogre is moderately wounded.
The ogre hits you with a +0 giant club!!
You closely miss the ogre.
The ogre is moderately wounded.
You hit the ogre.
The ogre is moderately wounded.
The ogre hits you with a +0 giant club!!
You die...

............ #. ...........
#.. ..........##..#
.............#
..........##. #......⌠....
#...O....## ......
#$..@.....# ##. .....
#......##..#.#.. ....#
#.......## ...#
....####.(..(...##.⌠.# #
....#............#...#.. .
{ ....#.##.............$..
#####.........####....##..#
##..<####..... ###......#
##............ ####.####.#


You could see an ogre.

Vanquished Creatures
  A phantom (D:3)
  A scorpion (D:4)
  A bombardier beetle (D:4)
  3 iguanas
  3 adders
  2 ufetubi (D:5)
  A ribbon worm (D:2)
  4 bats
  7 endoplasms
  4 giant cockroaches
  6 goblins
  6 hobgoblins
  4 jackals (D:1)
  4 quokkas
  7 ball pythons
  5 kobolds
  6 rats (D:1)
65 creatures vanquished.

Notes
Turn   | Place    | Note
-------+----------+-------------------------------------------
     0 | D:1      | Silvore the Demonspawn Fighter began the quest for the Orb.
     0 | D:1      | Reached XP level 1. HP: 18/18 MP: 1/1
   129 | D:1      | Gained mutation: You sometimes gain a little power by
                  | taking damage. [demonic ancestry]
   129 | D:1      | Reached XP level 2. HP: 24/24 MP: 2/2
   419 | D:1      | Reached XP level 3. HP: 27/29 MP: 3/3
   969 | D:2      | Found a faded altar of an unknown god.
  1482 | D:3      | Found the +3 Elemental Staff {ele, rElec rF+ rC+ AC+3}
  1529 | D:3      | Found a transporter.
  1531 | D:3      | Noticed DimondSprtn's ghost (amateur OnWr)
  1532 | D:3      | Found a transporter.
  1564 | D:3      | Reached XP level 4. HP: 36/36 MP: 4/4
  1607 | D:3      | Found a hide-covered altar of Uskayaw.
  2006 | D:4      | Noticed a phantom
  2026 | D:3      | Killed a phantom
  2027 | D:3      | Reached XP level 5. HP: 42/42 MP: 5/5
  2072 | D:4      | Identified the +1 ring mail of the Thoughtful Ears {rF+
                  | Slay+2}
  2190 | D:4      | Gained mutation: You have a pair of small antennae on your
                  | head. [demonic ancestry]
  2190 | D:4      | Reached XP level 6. HP: 41/48 MP: 6/6
  2431 | D:4      | Found a burning altar of Makhleb.
  2612 | D:5      | Entered Level 5 of the Dungeon
  2613 | D:5      | Found an ornate altar of the Wu Jian Council.
  2719 | D:5      | Found a blossoming altar of Fedhas.
  2802 | D:5      | Slain by an ogre

Illustrated notes

Levels and vault maps discovered:
D:1:      dpeg_arrival_court, layout_basic
D:2:      layout_rooms, chequers_ecumenical_altar_twisty, kennysheep_crisscross,
          minmay_statues_item, nicolae_eternal_life
D:3:      layout_rooms, lemuel_doored_altar, gammafunk_ghost_mausoleum
D:4:      layout_basic, tso_metal_star, overflow_temple_1_default
D:5:      layout_basic, old_standard_altar, mainiacjoe_overflow_catwalk,
          minmay_temple_entry_waves, uniq_blork_the_orc

Skill      XL: |  1  2  3  4  5 |
---------------+----------------+-----
Long Blades    | 2 3 4 |  4.3
Shields        | 3 |  3.2
Armour         | 3 |  3.7
Fighting       | 4 |  4.2
Dodging        | |  0.6

Action                     |  1- 3 |  4- 6 || total
---------------------------+-------+-------++-------
  Melee: Long sword        |   126 |    85 ||   211
    Use: Scroll            |     8 |     5 ||    13
 Armour: Scale mail        |    32 |       ||    32
         Plate armour      |    72 |    74 ||   146
         Skin              |     1 |       ||     1
  Dodge: Dodged            |    41 |    22 ||    63
  Block: Buckler           |    29 |    18 ||    47
